 Dungeon Crawl Stone Soup version 0.31.0-9-g3a7656b989 (webtiles) character file.

Game seed: 11932157554413745754

305 Killerpretzel the Changeling (level 6, -5/41 HPs)
             Began as an Octopode Shapeshifter on Feb 6, 2024.
             Was an Initiate of Gozag.
             Killed by divine providence
             ... invoked by an orc priest
              (10 damage)
             ... on level 5 of the Dungeon.
             The game lasted 00:10:32 (3112 turns).

Killerpretzel the Changeling (OpSh)                 Turns: 3112, Time: 00:10:33

Health: -5/41      AC:  1    Str: 12    XL:     6   Next: 39%
Magic:  6/6        EV: 14    Int: 11    God:    Gozag
Gold:   210        SH:  0    Dex: 18    Spells: 5/5 levels left

rFire   + .          .
                       - Unarmed
rCold   . . .        (no shield)
rNeg    . . .        (helmet currently unavailable)
rPois   +            (no amulet)
rElec   .            n - ring of poison resistance
rCorr   .            g - ring of protection from fire
SInv    .            (no ring)
Will    .....        (no ring)
Stlth   +++          (no ring)
HPRegen 0.26/turn    (no ring)
MPRegen 0.10/turn    (no ring)
                     (no ring)

%: no passive effects
@: beast-form
A: beast (slay +2), almost no armour, amphibious, 8 rings, camouflage 1,
gelatinous body 1, (nimble swimmer 1), tentacles, agile 1
a: Begin Untransformation, Renounce Religion, Potion Petition, Call Merchant,
Bribe Branch


You were on level 5 of the Dungeon.
You worshipped Gozag.
Gozag was aware of your devotion.
You were a hulking beast.
You visited 2 branches of the dungeon, and saw 6 of its levels.

You collected 307 gold pieces.
You paid 97 gold pieces to Gozag.

Inventory:

Missiles
 m - 2 boomerangs (quivered)
Jewellery
 d - a ring of ice
 g - a ring of protection from fire (right tentacle)
 n - a ring of poison resistance (left tentacle)
Talismans
 b - a beast talisman
 c - a flux talisman
Wands
 r - a wand of flame (22)
Scrolls
 e - 3 scrolls of fear
 h - a scroll of enchant armour
 i - a scroll of noise {unknown}
 j - a scroll of identify
Potions
 a - a potion of lignification
 f - 2 potions of degeneration
 k - a potion of berserk rage
 q - 2 potions of curing


   Skills:
 + Level 2.8 Fighting
 + Level 3.3 Dodging
 + Level 4.0 Unarmed Combat
 * Level 4.7 Shapeshifting


You had 5 spell levels left.
You didn't know any spells.
Your spell library contained the following spells:

 Spells                   Type           Power      Damage    Failure   Level
 Call Canine Familiar     Summ           0%         N/A       71%         3
 Sigil of Binding         Hex            0%         N/A       71%         3
 Dimensional Bullseye     Hex/Tloc       0%         N/A       98%         4


Dungeon Overview and Level Annotations

Branches:
Dungeon (5/15)             Temple (1/1) D:4

Altars:
Cheibriados
Dithmenos
Elyvilon
Fedhas
Gozag
Kikubaaqudgha
Nemelex Xobeh
Okawaru
Ru
Uskayaw
Xom
Yredelemnul
The Shining One

Shops:
D:1 [


Innate Abilities, Weirdness & Mutations

You are a hulking beast.
Your limbs bulge with bestial killing power. (Slay +2)
You cannot wear most types of armour.
You are amphibious.
You can wear up to eight rings at the same time.
Your skin changes colour to match your surroundings (Stealth+).
Your rubbery body absorbs attacks. (AC +1, EV +1)
((You are camouflaged when in or above water. (Stealth+)))
You have tentacles for arms and can constrict up to eight enemies at once.
You are agile. (Dex +4, Str/Int -1)


Message History

Search for what [Enter for "."]? goz
Found a blossoming altar of Fedhas and a basalt altar of Yredelemnul.
There is an opulent altar of Gozag here.
You curl up in front of the altar of Gozag.
Gozag welcomes you!
You pay a service fee of 97 gold.
There is a staircase back to the Dungeon here.
You climb upwards.
Welcome back to the Dungeon!
There is a staircase to the Ecumenical Temple here.
There is a stone staircase leading down here.
You climb downwards.
There is a stone staircase leading up here.
No target in view!
An adder comes into view.
An adder is nearby!
An orc priest comes into view. It is wielding a +0 short sword.
There are monsters nearby!
An orc priest comes into view. It is wielding a +0 hand axe.
An orc comes into view. It is wielding a +0 heavy flail.
There are monsters nearby!
There are monsters nearby!
The orc priest shouts!
There are monsters nearby!
The orc priest barely misses you.
There are monsters nearby!
The orc priest miscasts a cantrip.
The adder hisses angrily.
The orc priest invokes the aid of Beogh against you.
Beogh smites you!
The orc priest mumbles some strange prayers to Beogh against you.
Beogh smites you!
The orc priest looks encouraged for a moment.
You are too injured to fight recklessly!
There are monsters nearby!
The orc priest calls down the wrath of Beogh upon you.
Pain shoots through your body!
* * * LOW HITPOINT WARNING * * *
The orc priest invokes the aid of Beogh against you.
Beogh smites you!
You die...
Your body crumbles into a pile of gold.

##.....##
##.......##
#........^#
#.........#
#...!.....#
#.........#
#.........#
#.........########.#
........oooSh......#
...........##.......
#.................##
#..............#....
.........##..#....#.
###......##.##... #
#..###..#..# ....##
#.# ##.#.## ......
... #.#.# ....#


You could see 2 orc priests, an adder and an orc.

Vanquished Creatures
  A phantom (D:5)
  A bombardier beetle (D:3)
  2 hounds
  2 sleepcaps
  An adder (D:2)
  2 shadow imps (D:5)
  2 ufetubi (D:5)
  A ribbon worm (D:2)
  3 bats
  6 endoplasms
  A goblin (D:1)
  4 hobgoblins
  4 jackals (D:4)
  3 quokkas
  5 ball pythons
  4 frilled lizards
  3 kobolds
  8 rats
53 creatures vanquished.

Notes
Turn   | Place    | Note
-------+----------+-------------------------------------------
     0 | D:1      | Killerpretzel the Octopode Shapeshifter began the quest for
                  | the Orb.
     0 | D:1      | Reached XP level 1. HP: 13/13 MP: 1/1
    73 | D:1      | Reached XP level 2. HP: 18/18 MP: 2/2
   112 | D:1      | Found Nyuxeche's Antique Armour Emporium.
   660 | D:2      | Reached XP level 3. HP: 4/23 MP: 3/3
   661 | D:2      | Gained mutation: You are agile. (Dex +4, Str/Int -1)
                  | [potion of mutation]
  1764 | D:3      | Reached XP level 4. HP: 29/29 MP: 4/4
  1877 | D:3      | Found a faded altar of an unknown god.
  2036 | D:4      | Found a staircase to the Ecumenical Temple.
  2375 | D:4      | Found a sacrificial altar of Ru.
  2509 | D:4      | Reached XP level 5. HP: 34/34 MP: 5/5
  2585 | D:5      | Entered Level 5 of the Dungeon
  2585 | D:5      | Noticed a phantom
  2585 | D:5      | Found an iron altar of Okawaru.
  2622 | D:4      | Identified a scroll of acquirement
  2622 | D:4      | Acquired a ring of protection from fire
  2684 | D:5      | Killed a phantom
  2711 | D:5      | Reached XP level 6. HP: 41/41 MP: 6/6
  2915 | D:5      | Found a sparkling altar of Nemelex Xobeh.
  3051 | Temple   | Entered the Ecumenical Temple
  3058 | Temple   | Became a worshipper of Gozag Ym Sagoz the Greedy
  3112 | D:5      | Killed from afar by an orc priest

Illustrated notes

Levels and vault maps discovered:
D:1:      lightli_iron_boxes, layout_rooms, serial_shops, shop_statue,
          minmay_cupped
D:2:      layout_basic, kennysheep_decorative_pillar
D:3:      layout_loops_corners, basic_ecumenical_altar, chequers_garden
D:4:      layout_rooms, mainiacjoe_overflow_alcove_2,
          minmay_temple_entry_from_below_a
D:5:      layout_rooms, nicolae_qazlal_beasts_of_the_sky, old_standard_altar,
          mainiacjoe_overflow_large_starburst, kennysheep_generic_room_14
Temple:   eino_temple_lava

Skill      XL: |  1  2  3  4  5  6 |
---------------+-------------------+-----
Fighting       | 2 |  2.8
Shapeshifting  | 4 |  4.7
Dodging        | 3 |  3.3
Unarmed Combat | 4 |  4.0

Action                     |  1- 3 |  4- 6 || total
---------------------------+-------+-------++-------
  Melee: Unarmed           |    72 |    51 ||   123
         Constrict         |    14 |    13 ||    27
         Tentacles         |    14 |    10 ||    24
         Punch             |     5 |     1 ||     6
    Use: Potion            |     3 |     2 ||     5
         Scroll            |       |    10 ||    10
   Stab: Sleeping          |     5 |     3 ||     8
 Armour: Skin              |    19 |    28 ||    47
  Dodge: Dodged            |    46 |    43 ||    89
